 Dungeon Crawl Stone Soup version 0.21-a0-417-g0adc95b (webtiles) character file.

24 dricus the Firebug (level 2, 0/20 HPs)
             Began as a Demigod Fire Elementalist on Nov 3, 2017.
             Slain by a jackal (3 damage)
             ... on level 1 of the Dungeon.
             The game lasted 00:01:22 (426 turns).

dricus the Firebug (Demigod Fire Elementalist)       Turns: 426, Time: 00:01:23

Health: 0/20       AC:  2    Str: 10 (11) XL:     2   Next: 60%
Magic:  1/7        EV: 12    Int: 17 (19) God:
Gold:   43         SH:  0    Dex: 16 (18) Spells: 4/5 levels left

rFire    . . .     SeeInvis .   a - +1 dagger (venom)
rCold    + . .     Gourm    .   (no shield)
rNeg     . . .     Faith    .   i - +0 robe
rPois    .         Spirit   .   (no helmet)
rElec    .         Reflect  .   (no cloak)
rCorr    .         Harm     .   (no gloves)
MR       .....                  (no boots)
Stlth    ++........             (no amulet)
HPRegen  0.06/turn              (no ring)
MPRegen  0.10/turn              (no ring)

@: very slightly contaminated
A: agile 1, blink, cold resistance 1, high mp 1
a: Blink


You were on level 1 of the Dungeon.
You were not hungry.

You visited 1 branch of the dungeon, and saw 1 of its levels.

You collected 43 gold pieces.

Inventory:

Hand Weapons
 a - a +1 dagger of venom (weapon)
Armour
 i - a +0 robe (worn)
Jewellery
 f - an uncursed ring of ice
Potions
 e - a potion of mutation
 h - a potion of flight {unknown}
Books
 b - a book of Flames

   Spells                             Type                      Level
   a - Flame Tongue                   Conjuration/Fire             1
   b - Throw Flame                    Conjuration/Fire             2
   c - Conjure Flame                  Conjuration/Fire             3
   d - Inner Flame                    Hexes/Fire                   3
   e - Sticky Flame                   Conjuration/Fire             4
   f - Fireball                       Conjuration/Fire             5
Comestibles
 c - a bread ration
 d - 4 chunks of flesh


   Skills:
 - Level 1.7 Dodging
 - Level 1.7 Stealth
 * Level 2.3 Spellcasting
 + Level 1.4 Conjurations
 + Level 3.0 Fire Magic


You had 4 spell levels left.
You knew the following spells:

 Your Spells              Type           Power        Failure   Level  Hunger
a - Flame Tongue          Conj/Fire      #....        8%          1    #......


Dungeon Overview and Level Annotations

Branches:
Dungeon (1/15)


Innate Abilities, Weirdness & Mutations

You have an increased reservoir of magic. (+10% MP)
You are agile. (Dex +2)
You can translocate small distances at will.
Your flesh is cold resistant. (rC+)


Message History

The jackal barely misses you. The jackal bites you.
* * * LOW HITPOINT WARNING * * *
You kill the jackal!
Your Fire Magic skill increases to level 3!
A hobgoblin opens the door.
The jackal closely misses you. The jackal bites you.
* * * LOW HITPOINT WARNING * * *
The jackal barely misses you.
It was a potion of mutation.
You feel extremely strange.
You feel agile.
You feel jittery.
You feel resistant to cold. The jackal bites you.
* * * LOW HITPOINT WARNING * * *
Okay, then.
Unknown command.
Unknown command.
It was a potion of degeneration.
There was something very wrong with that liquid.
You feel weakened.
You feel dopey.
You feel clumsy. The jackal bites you.
You die...

.....#..........###....
........##......................#
.................................
...........................###.##
.......#...................#.....
...#......###..............#.....
####........#...........##.......
.###........#...######'###.#..>..
............+...@hhK....†..#..h..
.###........######gg.....#.###)##
......÷.....######...............
.....................##..........
.............................(...
.................................
.................................
..........#........[.............
..........###...###..............


You could see 2 jackals, a hobgoblin, a goblin and a kobold.

Vanquished Creatures
  An ooze (D:1)
  2 dart slugs (D:1)
  A bat (D:1)
  A giant cockroach (D:1)
  3 goblins (D:1)
  2 hobgoblins (D:1)
  2 jackals (D:1)
  A frilled lizard (D:1)
  A kobold (D:1)
14 creatures vanquished.

Notes
Turn   | Place    | Note
-------+----------+-------------------------------------------
     0 | D:1      | dricus the Demigod Fire Elementalist began the quest for the Orb.
     0 | D:1      | Reached XP level 1. HP: 14/14 MP: 5/5
    91 | D:1      | Reached skill level 1 in Conjurations
   132 | D:1      | Reached XP level 2. HP: 18/20 MP: 0/7
   419 | D:1      | Reached skill level 3 in Fire Magic
   425 | D:1      | Gained mutation: You are agile. (Dex +2) [potion of mutation]
   425 | D:1      | Gained mutation: You can translocate small distances at will. [potion of mutation]
   425 | D:1      | Gained mutation: Your flesh is cold resistant. (rC+) [potion of mutation]
   426 | D:1      | Slain by a jackal

Vault maps used:
D:1:      dpeg_arrival_arbitrary_b, st_stairs_3

Skill      XL: |  1  2 |
---------------+-------+-----
Conjurations   | 1 |  1.4
Spellcasting   | 2 |  2.3
Fire Magic     | 3 |  3.0
Dodging        | |  1.7
Stealth        | |  1.7

Action                   || total
-------------------------++-------
Melee: Dagger            ||     2
 Cast: Flame Tongue      ||    25
  Use: Potion            ||     2
Armor: Robe              ||     2
Dodge: Dodged            ||    17

Table legend:
 A = Spawn XP
 B = Non-spawn XP
 C = Spawn XP percentage of total XP
 D = Spawn monster count
 E = Non-spawn monster count
 F = Spawn count percentage of total count
 G = Total turns spent on level
                    A         B        C        D         E        F      G
               +---------+---------+-------+---------+---------+-------+---------
         Total |       0 |      35 |   0.0 |       0 |      14 |   0.0 |   426
               +---------+---------+-------+---------+---------+-------+---------
           D:1 |       0 |      35 |   0.0 |       0 |      14 |   0.0 |   426
               +---------+---------+-------+---------+---------+-------+---------
